Match 45875794
Unlisted

Match 45875794
End
Construct Section Command Post
Royal Engineer Section
Selects Air and Sea Battlegroup
Vickers Machine Gun Team
Infantry Section
Vickers Machine Gun Team
Royal Engineer Section
Royal Engineer Section
Selects Commando Section Paradrop
Selects M1 Pack Howitzer Paradrop
Commando Section Paradrop
Construct Platoon Command Post
Unlock Bishop Self-propelled Artillery
Bishop Self-propelled Artillery
6-pounder Anti-tank Gun Team
Selects Supply Surplus
Selects UNKNOWN (223837)
Unlock M3 Stuart Light Tanks
Selects Incendiary Bombing Run
Selects Assault Flares
M3 Stuart Light Tank
Royal Engineer Section
Vickers Machine Gun Team
Construct Company Command Post
Matilda II Heavy Tank
Selects Incendiary Bombing Run
Selects Anti-tank Rocket Loiter
Assault Flares
Crusader II Medium Tank
Matilda II Heavy Tank
Unlock Towed 17-pounder Anti-tank Guns
17-pounder Anti-tank Gun Team
Commando Section Paradrop
Anti-tank Rocket Loiter
Vickers Machine Gun Team
Infantry Section
Infantry Section
Royal Engineer Section
Commando Section Paradrop
gio_misro
Sad Pepe
0
0

Comments sign in to comment!

No comments posted yet!